Map: Ulrena

Players

MTALdrummeR - Winner!

  • Race: Terran Terran
  • League: Gold
  • Spawn Location: 7:00

zidar

  • Race: Zerg Zerg
  • League: Gold
  • Spawn Location: 11:00

VOD

Have the link to the VOD?

Description

Time

  • Played on: May 16, 2016, 3:35 p.m.
  • Length: 6:04
Show
View Real Time Build Order
Export as new Build Order

MTALdrummeR Terran - Winner!

Build Orders: 1/1/1, Hellion Banshee 

Get SALT Encoding   

  12  0:00  SCV  
  13  0:13  SCV  
  14  0:17  Supply Depot  
  14  0:25  SCV  
  15  0:30  Refinery  
  15  0:39  SCV  
  16  0:46  Barracks  
  16  0:54  SCV  
  17  1:06  SCV  
  18  1:18  SCV  
  19  1:33  Factory  
  19  1:35  Supply Depot  
  19  1:36  Marine  
  20  1:42  Orbital Command  
  20  1:47  Refinery  
  20  2:04  Barracks Reactor  
  20  2:08  SCV  
  21  2:18  Hellion  
  23  2:28  Starport  
  23  2:31  SCV  
  24  2:43  SCV  
  25  2:46  Supply Depot  
  25  2:55  Hellion x2  
  29  3:01  Barracks Tech Lab  
  29  3:10  Armory  
  28  3:13  SCV  
  28  3:16  Hellion x2  
  33  3:30  Cloaking Field  
  33  3:32  Banshee  
  36  3:46  Hellion  
  38  4:05  Hellion  
  38  4:13  Barracks  
  38  4:17  Banshee  
  38  4:18  Hellion  
  43  4:26  Hellion  
  43  4:44  Barracks, Barracks Tech Lab  
  37  4:50  Barracks  
  33  5:03  Barracks Tech Lab  
  33  5:05  Marauder  
  35  5:10  Banshee  
  35  5:13  Bunker  
  38  5:26  Marauder  
  40  5:33  Marauder  
  41  6:00  Barracks Tech Lab  
Show
View Real Time Build Order
Export as new Build Order

zidar Zerg 

Build Orders: Hatch First 

Get SALT Encoding   

  12  0:01  Drone  
  13  0:12  Overlord  
  13  0:17  Drone  
  14  0:30  Drone x2  
  14  0:34  Drone  
  17  0:55  Hatchery  
  17  0:56  Drone  
  17  1:15  Spawning Pool, Drone  
  17  1:20  Extractor, Drone  
  17  1:30  Drone  
  18  1:32  Overlord  
  18  1:38  Drone  
  19  1:49  Drone  
  20  2:01  Drone  
  20  2:02  Queen  
  20  2:07  Drone  
  24  2:09  Queen  
  26  2:29  Drone x4  
  30  2:33  Metabolic Boost  
  30  2:47  Extractor  
  29  3:02  Zergling x2  
  29  3:03  Zergling x10  
  35  3:13  Roach Warren  
  22  4:09  Roach x9  
  35  4:19  Overlord x3  
  32  5:03  Spore Crawler  
  25  5:33  Drone x13  
Tags
 
Composition
Hellion Banshee
League
GoldGold
Matchup
TvZ
Spawn Locations
Close Positions
Add a new tag
Caveats
  • Supply blocks, unpowered buildings, or Contaminate may cause inaccurate times.
  • Supply counts are checked every 10 seconds.